 Dungeon Crawl Stone Soup version 0.18.1-48-g4cf74bf (webtiles) character file.

177 Mesmaeker13 the Cudgeler (level 5, -2/59 HPs)
             Began as an Ogre Gladiator on June 30, 2016.
             Slain by a hobgoblin (5 damage)
             ... while paralysed by Grinder
             ... on level 3 of the Dungeon.
             The game lasted 00:06:31 (2682 turns).

Mesmaeker13 the Cudgeler (Ogre Gladiator)           Turns: 2682, Time: 00:06:32

Health: -2/59      AC:  4    Str: 20    XL:     5   Next: 57%
Magic:  0/5        EV:  1    Int:  7    God:
Gold:   81         SH:  0    Dex: 16    Spells: 0 memorised, 4 levels left

rFire  . . .     SeeInvis .     a - +0 flail
rCold  . . .     Gourm    .     b - +0 robe
rNeg   . . .     Faith    .     (no shield)
rPois  .         Spirit   +     c - +0 hat
rElec  .         Dismiss  .     h - +0 cloak
rCorr  .         Reflect  .     (gloves unavailable)
SustAt .         Harm     .     (boots unavailable)
MR     .....                    x - amulet of guardian spirit
Stlth  +.........               (no ring)
                                n - +5 ring of dexterity

@: paralysed, not resistant to hostile enchantments, very unstealthy
A: unfitting armour, tough skin 1
a: no special abilities


You were on level 3 of the Dungeon.
You were not hungry.

You visited 1 branch of the dungeon, and saw 3 of its levels.

You collected 81 gold pieces.

Inventory:

Hand Weapons
 a - a +0 flail (weapon)
 r - a cursed -1 short sword
Missiles
 k - 13 poisoned needles
 m - 9 curare-tipped needles
Armour
 b - a +0 robe (worn)
 c - a +0 hat (worn)
 h - a +0 cloak (worn)
Jewellery
 n - a +5 ring of dexterity (left hand)
 x - an amulet of guardian spirit (around neck)
 B - an uncursed ring of see invisible {unknown}
Scrolls
 g - a scroll of random uselessness {unknown}
 j - a scroll of recharging {unknown}
 o - a scroll of remove curse {unknown}
 p - a scroll of noise {unknown}
 q - a scroll of enchant armour {unknown}
 u - a scroll of enchant weapon {unknown}
 v - a scroll of amnesia {unknown}
 y - a scroll of identify {unknown}
Potions
 e - a potion of brilliance {unknown}
 i - a potion of degeneration {unknown}
 t - a potion of curing {unknown}
 w - 2 potions of mutation {unknown}
Comestibles
 d - a chunk of flesh
 f - a bread ration
 l - a beef jerky
 s - 2 meat rations
 z - 4 fruits


   Skills:
 + Level 5.7 Fighting
 + Level 6.2 Maces & Flails
 - Level 2.0 Throwing
 - Level 2.6 Dodging


You had 4 spell levels left.
You didn't know any spells.

Dungeon Overview and Level Annotations

Branches:
Dungeon (3/15)

Altars:
Elyvilon

Annotations:
D:3 Grinder


Innate Abilities, Weirdness & Mutations

You are too large for most types of armour.
You have tough skin (AC +1).


Message History

Grinder is moderately wounded.
Grinder closely misses you. The hobgoblin hits you.
You barely miss Grinder.
Grinder is moderately wounded.
Grinder hits you!
You writhe in agony. x2; The hobgoblin closely misses you.
You hit Grinder.
Grinder is heavily wounded.
Grinder closely misses you. The hobgoblin misses you.
You closely miss Grinder.
Grinder is heavily wounded.
Grinder gestures at you.
You suddenly lose the ability to move!
The hobgoblin hits you. Grinder hits you.
You writhe in agony.
The hobgoblin hits you.
* * * LOW HITPOINT WARNING * * *
Grinder hits you!
* * * LOW HITPOINT WARNING * * *
You writhe in agony.
* * * LOW HITPOINT WARNING * * *
The hobgoblin hits you.
You die...

#.#..... .#..... .....> .#
#....# .# # #....# .# #.#
#.#....# 5# #.# #......#
.# #.## #....g.# .# #..#
#.#.##@##.### ####..##
#.#..5....# ...#...# #
#.#..##().####
#......####.#............#
..............#........#.#
......#.###.#........#.#.#
##....#..##.####.###.#.#.#
.'........#............#.#
##........######.###.###.#


You could see Grinder and a hobgoblin.

Vanquished Creatures
  An orc wizard (D:3)
  Terence (D:3)
  4 adders
  2 oozes
  5 worms
  2 dart slugs (D:1)
  3 giant geckos
  An orc (D:3)
  3 giant cockroaches
  8 goblins
  3 hobgoblins
  5 jackals
  A quokka (D:2)
  2 ball pythons
  5 bats
  2 giant newts
  5 kobolds
  6 rats
59 creatures vanquished.

Notes
Turn   | Place    | Note
--------------------------------------------------------------
     0 | D:1      | Mesmaeker13 the Ogre Gladiator began the quest for the Orb.
     0 | D:1      | Reached XP level 1. HP: 22/22 MP: 1/1
   686 | D:1      | Reached XP level 2. HP: 29/31 MP: 2/2
   927 | D:1      | Reached XP level 3. HP: 36/39 MP: 3/3
  1544 | D:2      | Reached skill level 5 in Maces & Flails
  1743 | D:2      | Reached XP level 4. HP: 44/49 MP: 4/4
  1752 | D:2      | Found a white marble altar of Elyvilon.
  2120 | D:3      | Reached skill level 5 in Fighting
  2221 | D:3      | Noticed Terence
  2248 | D:3      | Killed Terence
  2248 | D:3      | Reached XP level 5. HP: 53/57 MP: 5/5
  2337 | D:3      | Reached skill level 6 in Maces & Flails
  2668 | D:3      | Noticed Grinder
  2680 | D:3      | Paralysed by Grinder for 4 turns
  2682 | D:3      | Slain by a hobgoblin

Skill      XL: |  1  2  3  4  5 |
---------------+----------------+-----
Fighting       | 3 4 5 |  5.7
Maces & Flails | 5 6 |  6.2
Throwing       | |  2.0
Dodging        | |  2.6

Action                   |  1- 3 |  4- 6 || total
-------------------------+-------+-------++-------
Melee: Flail             |   105 |    89 ||   194
Throw: Throwing net      |     4 |    11 ||    15
 Stab: Held in net/web   |       |     6 ||     6
       Sleeping          |       |     1 ||     1
  Eat: Chunk             |     3 |     3 ||     6
Armor: Robe              |    35 |    19 ||    54
Dodge: Dodged            |    44 |    36 ||    80
